AoeStats
← aacar6135

Arena

510568186Analyzed
2v2 RM · 2d ago on Oct 1, 2026· 63m 15s· 4 players
Game mode
Random Map
Map size
Medium (4 player)
Population
200
Speed
Normal
Resources
Standard
Victory
Conquest
Starting age
Dark Age
Ending age
Imperial Age
RankedLock teamsTeams togetherTeam positionsShared explorationLock speedFull tech treeHidden civsTurbo modeCheats
Victory
Defeat
🇬🇧 Celts · United Kingdom
859
+17
🇬🇧 Koreans · United Kingdom
849
+17
🇹🇷 Khmer · Türkiye
881
-17
🇹🇷 Persians · Türkiye
874
-17
paceylemon
4:41 Loom
11:50 Feudal Age
12:31 Double-Bit Axe
17:26 Castle Age
15:14 Horse Collar
18:42 Bow Saw
18:35 Heavy Plow
21:01 Crossbowman
21:35 Fletching
23:39 Squires
23:41 Scale Mail Armor
24:48 Bodkin Arrow
25:02 Gold Mining
26:53 Chain Mail Armor
27:21 Wheelbarrow
26:32 Town Watch
27:27 Ballistics
27:55 Stone Mining
32:41 Imperial Age
31:36 Forging
34:28 Two-Man Saw
33:48 Bracer
34:51 Chemistry
34:02 Masonry
33:48 Heavy Rocket Cart
35:02 Conscription
35:19 Plate Mail Armor
36:04 Iron Casting
36:23 Hand Cart
35:34 Elite Fire Lancer
37:27 Pikeman
38:23 Murder Holes
38:35 Siege Engineers
38:36 Town Patrol
41:24 Halberdier
47:53 Shinkichon
frbbehrens
11:31 Feudal Age
15:12 Castle Age
13:28 Double-Bit Axe
13:26 Horse Collar
16:21 Pikeman
23:59 Wheelbarrow
24:16 Bow Saw
24:28 Gold Mining
27:23 Fletching
27:44 Forging
27:35 Scale Mail Armor
28:08 Hand Cart
32:53 Imperial Age
30:41 Arson
31:35 Iron Casting
31:16 Chain Mail Armor
32:14 Gold Shaft Mining
31:29 Stone Mining
32:32 Ballistics
33:05 Bodkin Arrow
33:10 Padded Archer Armor
33:11 Halberdier
34:24 Conscription
35:23 Furor Celtica
35:40 Onager
36:30 Murder Holes
37:59 Chemistry
39:10 Siege Engineers
39:40 Town Watch
39:41 Loom
40:43 Siege Onager
47:00 Blast Furnace
46:30 Plate Mail Armor
48:39 Stronghold
52:00 Elite Woad Raider
54:45 Leather Archer Armor
59:07 Caravan
aacar6135
10:33 Feudal Age
11:03 Double-Bit Axe
17:14 Horse Collar
21:57 Castle Age
20:02 Fletching
20:10 Stone Mining
20:39 Gold Mining
21:22 Forging
24:50 Heavy Plow
25:03 Bow Saw
27:08 Gold Shaft Mining
27:16 Stone Shaft Mining
31:08 Imperial Age
30:31 Kamandaran
31:13 Iron Casting
30:34 Bodkin Arrow
31:10 Masonry
32:43 Two-Man Saw
31:58 Citadels
32:09 Conscription
32:55 Chemistry
33:03 Blast Furnace
32:18 Crossbowman
33:04 Thumb Ring
39:48 Wheelbarrow
39:35 Heated Shot
40:06 Ballistics
44:39 Light Cavalry
45:29 Scale Barding Armor
45:29 Hussar
46:19 Bloodlines
47:07 Chain Barding Armor
50:15 Plate Barding Armor
SZY19999
0:41 Loom
10:35 Feudal Age
11:03 Horse Collar
11:11 Double-Bit Axe
17:51 Castle Age
17:10 Wheelbarrow
21:08 Gold Mining
23:07 Gold Shaft Mining
22:46 Heavy Plow
25:03 Hand Cart
25:31 Bow Saw
31:12 Imperial Age
30:06 Fletching
31:12 Ballistics
31:03 Fortified Wall
31:37 Bodkin Arrow
33:03 Chemistry
32:43 Double Crossbow
33:04 Conscription
32:08 Heavy Scorpion
33:35 Crop Rotation
33:32 Forging
33:28 Scale Barding Armor
33:45 Town Watch
34:55 Town Patrol
36:31 Chain Barding Armor
36:46 Iron Casting
36:34 Siege Engineers
36:14 Light Cavalry
37:23 Hussar
38:16 Bloodlines
38:44 Plate Barding Armor
41:07 Blast Furnace
43:25 Herbal Medicine
45:11 Husbandry
Connection lost

Rejoining the realm…

Still unreachable

The connection could not be restored.

Session expired

The server has moved on; the page needs a fresh start.